 Dungeon Crawl Stone Soup version 0.18.1-6-gd335043 (webtiles) character file.

142 Inkary the Sneak (level 5, -3/26 HPs)
             Began as a Spriggan Assassin on May 15, 2016.
             Was an Initiate of Okawaru.
             Slain by mistymad's ghost (6 damage)
             ... on level 3 of the Dungeon on May 18, 2016.
             The game lasted 00:10:58 (3706 turns).

Inkary the Sneak (Spriggan Assassin)                Turns: 3706, Time: 00:10:59

Health: -3/26      AC:  3    Str:  7    XL:     5   Next: 4%
Magic:  6/6        EV: 14    Int: 13    God:    Okawaru [......]
Gold:   137        SH:  0    Dex: 18    Spells: 0 memorised, 4 levels left

rFire  . . .     SeeInvis +     a - +2 dagger
rCold  . . .     Gourm    .     c - +0 robe
rNeg   . . .     Faith    .     (shield restricted)
rPois  .         Spirit   .     (helmet restricted)
rElec  .         Dismiss  .     d - +0 cloak
rCorr  .         Reflect  .     (gloves unavailable)
SustAt .         Harm     .     (boots unavailable)
MR     +....                    (no amulet)
Stlth  ++++......               (no ring)
                                t - ring of protection from magic

@: very quick, somewhat resistant to hostile enchantments, stealthy
A: unfitting armour, see invisible, herbivore 3, speed 3, slow metabolism 2
a: Renounce Religion


You were on level 3 of the Dungeon.
You worshipped Okawaru.
Okawaru was noncommittal.
You were not hungry.

You visited 1 branch of the dungeon, and saw 3 of its levels.

You collected 137 gold pieces.

Inventory:

Hand Weapons
 a - a +2 dagger (weapon)
 b - a +0 blowgun
Missiles
 e - 16 poisoned needles
 f - 2 curare-tipped needles
 l - a needle of sleeping (quivered)
Armour
 c - a +0 robe (worn)
 d - a +0 cloak (worn)
Jewellery
 t - a ring of protection from magic (left hand)
Wands
 n - a wand of random effects (27/48)
Scrolls
 m - a scroll of amnesia {unknown}
 q - a scroll of teleportation {unknown}
 s - a scroll of fog {unknown}
 u - a scroll of remove curse {unknown}
Potions
 j - 2 potions of cure mutation
 k - 2 potions of curing
 o - a potion of ambrosia
 p - a potion of brilliance {unknown}
 r - a potion of might {unknown}
Comestibles
 g - a bread ration
 h - a royal jelly
 i - 4 fruits


   Skills:
 - Level 1.7 Fighting
 * Level 3.8 Short Blades
 - Level 2.0 Throwing
 + Level 3.4 Dodging
 * Level 7.6 Stealth


You had 4 spell levels left.
You didn't know any spells.

Dungeon Overview and Level Annotations

Branches:
Dungeon (3/15)

Altars:
Ashenzari
Okawaru
Xom
The Shining One

Annotations:
D:3 mistymad's ghost, amateur MiBe


Innate Abilities, Weirdness & Mutations

You are tiny and cannot use many weapons and most armour.
You have supernaturally acute eyesight.
You are a herbivore.
You cover ground extremely quickly.
You need consume almost no food.


Message History

You hit mistymad's ghost but do no damage.
Mistymad's ghost is lightly damaged.
Mistymad's ghost barely misses you.
You hit mistymad's ghost but do no damage.
Mistymad's ghost is lightly damaged.
Mistymad's ghost hits you!
You hit mistymad's ghost.
Mistymad's ghost is lightly damaged.
Mistymad's ghost misses you.
You hit mistymad's ghost but do no damage.
Mistymad's ghost is lightly damaged.
You hit mistymad's ghost but do no damage.
Mistymad's ghost is lightly damaged.
Mistymad's ghost hits you!
* * * LOW HITPOINT WARNING * * *
You hit mistymad's ghost but do no damage.
Mistymad's ghost is lightly damaged.
Mistymad's ghost barely misses you. Mistymad's ghost hits you.
You die...

#..........#.###.########
#.#............#....#.###
#.#...>........).........
#.#...†#.#...#.#......###
#.#......................
#.#...##.#...#...#..#.###
#.#...##.#...#.#.#%......
########.#.)....#.###.###.######
#........#(...W@...÷....#.......
#.#####..#.....................†
#..#.....(......#.######..
#..#..............# #..
#..##.......############..
#..#........'..........†..
##.#####.........(.############.#
................(........#####..#
##.#######...#####..####.......†#


You could see mistymad's ghost.

Vanquished Creatures
  Natasha (D:3)
  4 adders (D:2)
  2 oozes
  3 dart slugs
  3 giant geckos
  2 orcs (D:3)
  5 bats
  2 giant cockroaches
  6 goblins
  7 hobgoblins
  6 jackals (D:1)
  8 kobolds
  A quokka (D:3)
  3 ball pythons
  4 giant newts
  4 rats
61 creatures vanquished.

Notes
Turn   | Place    | Note
--------------------------------------------------------------
     0 | D:1      | Inkary the Spriggan Assassin began the quest for the Orb.
     0 | D:1      | Reached XP level 1. HP: 10/10 MP: 2/2
    33 | D:1      | Reached skill level 6 in Stealth
    56 | D:1      | Reached XP level 2. HP: 6/15 MP: 3/3
   235 | D:1      | Found a shattered altar of Ashenzari.
   758 | D:1      | Reached XP level 3. HP: 11/18 MP: 4/4
  1629 | D:2      | Reached XP level 4. HP: 15/23 MP: 5/5
  2046 | D:2      | Found an iron altar of Okawaru.
  2176 | D:2      | Found a shimmering altar of Xom.
  2311 | D:2      | Reached skill level 7 in Stealth
  2895 | D:2      | Found a glowing golden altar of the Shining One.
  3094 | D:2      | Became a worshipper of Warmaster Okawaru
  3416 | D:3      | Noticed Natasha
  3470 | D:3      | Killed Natasha
  3470 | D:3      | Reached XP level 5. HP: 21/26 MP: 6/6
  3604 | D:3      | Noticed mistymad's ghost (amateur MiBe)
  3706 | D:3      | Slain by mistymad's ghost

Skill      XL: |  1  2  3  4 |
---------------+-------------+-----
Stealth        | 6 7 |  7.6
Dodging        | 2 3 |  3.4
Short Blades   | 3 |  3.8
Fighting       | |  1.7
Throwing       | |  2.0

Action                   |  1- 3 |  4- 6 || total
-------------------------+-------+-------++-------
Melee: Dagger            |   158 |    78 ||   236
 Fire: Blowgun           |       |    19 ||    19
  Use: Scroll            |       |     3 ||     3
 Stab: Sleeping          |     5 |     3 ||     8
  Eat: Fruit             |       |     1 ||     1
Armor: Robe              |    16 |     9 ||    25
Dodge: Dodged            |   107 |    55 ||   162
